 Dungeon Crawl Stone Soup version 0.30-a0-634-g8abc85282e (webtiles) character file.

Game seed: 14543102878427558434

67 experimilk the Conjurer (level 3, -6/26 HPs)
             Began as a Draconian Conjurer on Jan 14, 2023.
             Mangled by Crazy Yiuf
             ... wielding a +4 quarterstaff of chaos
              (8 damage)
             ... on level 2 of the Dungeon.
             The game lasted 00:04:37 (2391 turns).

experimilk the Conjurer (Draconian Conjurer)        Turns: 2391, Time: 00:04:38

Health: -6/26      AC:  6    Str:  9    XL:     3   Next: 98%
Magic:  2/7        EV: 12    Int: 20    God:
Gold:   98         SH:  0    Dex: 15    Spells: 4/7 levels left

rFire   . . .      SeeInvis .    p - +0 short sword
rCold   . . .      Faith    .    (no shield)
rNeg    . . .      Spirit   .    (body armour unavailable)
rPois   .          Reflect  .    (helmet restricted)
rElec   .          Harm     .    l - +0 cloak
rCorr   .          Rampage  .    (no gloves)
Will    .....                    (no boots)
Stlth   ++                       (no amulet)
HPRegen 0.24/turn                e - ring of flight
MPRegen 0.10/turn                m - +6 ring of dexterity

@: lethally poisoned (-6 -> -13), flying
A: AC +5, unfitting armour, cold-blooded
a: no special abilities


You were on level 2 of the Dungeon.
You visited 1 branch of the dungeon, and saw 2 of its levels.

You collected 98 gold pieces.

Inventory:

Hand Weapons
 p - a +0 short sword (weapon)
Armour
 l - a +0 cloak (worn)
Jewellery
 e - a ring of flight (left hand)
 m - a +6 ring of dexterity (right hand)
Scrolls
 c - a scroll of silence {unknown}
 d - 3 scrolls of identify {unknown}
 f - a scroll of enchant armour {unknown}
 g - a scroll of noise {unknown}
 h - a scroll of torment {unknown}
 j - 2 scrolls of teleportation {unknown}
 q - a scroll of fear {unknown}
Potions
 a - a potion of magic
 b - a potion of might {unknown}
 i - a potion of haste {unknown}
 k - a potion of lignification {unknown}
 n - a potion of flight {unknown}
 o - 4 potions of curing {unknown}
 r - a potion of heal wounds {unknown}


   Skills:
 - Level 1.7 Dodging
 - Level 1.7 Stealth
 + Level 2.7 Spellcasting
 * Level 5.1 Conjurations


You had 4 spell levels left.
You knew the following spells:

 Your Spells              Type           Power      Damage    Failure   Level
a - Magic Dart            Conj           92%        1d7       1%          1
z - Searing Ray           Conj           46%        2d6       2%          2

Your spell library contained the following spells:

 Spells                   Type           Power      Damage    Failure   Level
 Dazzling Flash           Conj/Hex       26%        N/A       16%         3
 Gell's Gravitas          Tloc           2%         N/A       41%         3
 Teleport Other           Tloc           2%         N/A       41%         3
 Fulminant Prism          Conj/Hex       6%         3d6       45%         4
 Iskenderun's Mystic Bla  Conj/Tloc      13%        2d5       45%         4
 Dispersal                Tloc           1%         N/A       100%        6


Dungeon Overview and Level Annotations

Branches:
Dungeon (2/15)

Altars:

Annotations:
D:2 Crazy Yiuf


Innate Abilities, Weirdness & Mutations

Your plain brown scales are hard. (AC +5)
You cannot fit into any form of body armour.
You are cold-blooded and may be slowed by cold attacks.


Message History

There is a stone staircase leading up here.
There is an open door here.
There is an open door here.
You reach down and open the door.
There is an open door here.
There is an open door here.
You now have 98 gold pieces (gained 12).
Found a hammer.
Found a runed translucent door.
Crazy Yiuf shouts!
Crazy Yiuf grits, "Cod!"
Okay, then.
You reach down and open the door.
Crazy Yiuf zaps a wand.
The puff of flame misses you.
Casting: Magic Dart (safe; 1% risk of failure)
Confirm with . or Enter, or press ? or * to list all spells.
Aiming: Searing Ray (safe; 2% risk of failure)
Press: ? - help, Shift-Dir - straight line, f - Crazy Yiuf
Aim: Crazy Yiuf, wielding a +4 quarterstaff of chaos, wearing a +1 cloak and carrying a wand of flame (24) (81% to hit)
The searing ray hits Crazy Yiuf!
Crazy Yiuf is moderately wounded. (Press . to maintain the ray.) Crazy Yiuf drinks a potion.
Crazy Yiuf goes berserk!
The searing ray hits Crazy Yiuf!
Crazy Yiuf is severely wounded.
Crazy Yiuf rages.
Crazy Yiuf hits you with a +4 quarterstaff of chaos.
You are poisoned.
The searing ray hits Crazy Yiuf.
Crazy Yiuf is almost dead.
You feel very sick. Crazy Yiuf closely misses you.
The searing ray hits Crazy Yiuf.
Crazy Yiuf is almost dead.
You finish channelling your searing ray.
You feel sick.
Crazy Yiuf hits you with a +4 quarterstaff of chaos!
Ouch! That really hurt!
* * * LOW HITPOINT WARNING * * *
Crazy Yiuf burns you!
You die...

..#............############
..#.......................#
..#............##########.#
..+...>..####### #.##
..#......# #..# ..#......#
♣♣♣♣♣###.# ###......# ###
♣♣♣.♣....#.# #......#
#...#♣..♣.......# #......#
#...g@♣♣♣♣......#
######'### #)..#♣♣ ♣♣....##
.........# ### ♣♣####
.#.....### .........#
..#......#### ..#.........#
..#..<......##
..#..........#


You could see Crazy Yiuf (berserk).

Vanquished Creatures
  An adder (D:2)
  2 worms (D:2)
  2 dart slugs
  5 ball pythons (D:1)
  7 endoplasms
  A giant cockroach (D:1)
  2 goblins (D:1)
  5 hobgoblins (D:1)
  6 jackals
  2 kobolds (D:1)
  2 quokkas
  3 bats
  A frilled lizard (D:1)
  3 rats
42 creatures vanquished.

Notes
Turn   | Place    | Note
-------+----------+-------------------------------------------
     0 | D:1      | experimilk the Draconian Conjurer began the quest for the
                  | Orb.
     0 | D:1      | Reached XP level 1. HP: 14/14 MP: 3/3
   260 | D:1      | Reached XP level 2. HP: 8/20 MP: 3/5
   363 | D:1      | Learned a level 2 spell: Searing Ray
   911 | D:1      | Reached XP level 3. HP: 26/26 MP: 4/6
  1426 | D:2      | Reached skill level 5 in Conjurations
  2383 | D:2      | Found a runed translucent door.
  2384 | D:2      | Noticed Crazy Yiuf
  2391 | D:2      | Mangled by Crazy Yiuf

Illustrated notes

Levels and vault maps discovered:
D:1:      dpeg_arrival_stone_temple_mockup, layout_loops_ring,
          kennysheep_minor_cross
D:2:      layout_basic, uniq_crazy_yiuf_cottage

Skill      XL: |  1  2  3 |
---------------+----------+-----
Conjurations   | 5 |  5.1
Dodging        | |  1.7
Stealth        | |  1.7
Spellcasting   | |  2.7

Action                   || total
-------------------------++-------
Melee: Dagger            ||    43
       Tailslap          ||     9
       Short sword       ||     5
 Cast: Magic Dart        ||    64
       Searing Ray       ||    10
Armor: Skin              ||    20
Dodge: Dodged            ||    37

Table legend: (Time is in decaauts)
 A = Elapsed time spent in this place.
 B = Non-inter-level travel time spent in this place.
 C = Inter-level travel time spent in this place.
 D = Time resting spent in this place.
 E = Time spent auto-exploring this place.
 F = Levels seen in this place.
 G = Mean time per level.
                   A        B        C        D        E       F      G
               +--------+--------+--------+--------+--------+-----+--------+
         Total |   2390 |   2362 |     28 |    162 |   1963 |   2 | 1195.0 |
       Dungeon |   2390 |   2362 |     28 |    162 |   1963 |   2 | 1195.0 |
               +--------+--------+--------+--------+--------+-----+--------+

Top non-repeatable levels by time:
     D:1: 1308 daAuts
     D:2: 1082 daAuts
